Map: Frost LE

Players

Zeal - Winner!

  • Race: Protoss Protoss
  • League: Grandmaster

Towelie

  • Race: Zerg Zerg
  • League: Grandmaster

Event: Clash of the Clanless

VOD

Have the link to the VOD?

Description

Time

  • Played on: Aug. 20, 2016, 1:52 p.m.
  • Length: 11:10

All games in this series

Show
View Real Time Build Order
Export as new Build Order

Zeal Protoss - Winner!

Build Orders: 1 Gate Expand 

Get SALT Encoding   

  12  0:01  Probe (Chrono Boost)  
  13  0:11  Probe (Chrono Boost)  
  14  0:18  Pylon  
  14  0:22  Probe (Chrono Boost)  
  15  0:36  Probe (Chrono Boost)  
  15  0:38  Gateway  
  16  0:47  Probe (Chrono Boost), Assimilator  
  17  0:57  Probe (Chrono Boost)  
  18  1:08  Probe (Chrono Boost)  
  20  1:18  Probe (Chrono Boost)  
  20  1:26  Nexus  
  20  1:35  Cybernetics Core  
  20  1:42  Probe (Chrono Boost)  
  20  1:44  Assimilator  
  21  1:51  Pylon  
  21  1:58  Zealot  
  23  2:07  Pylon  
  23  2:13  Mothership Core (Chrono Boost)  
  25  2:23  Cybernetics Core  
  25  2:30  Adept  
  25  2:40  Probe x2 (Chrono Boost)  
  27  2:50  Probe (Chrono Boost)  
  29  2:52  Probe (Chrono Boost)  
  29  2:55  Cybernetics Core  
  29  2:56  Adept  
  31  3:01  Probe (Chrono Boost)  
  31  3:04  Probe (Chrono Boost)  
  32  3:17  Probe x2 (Chrono Boost)  
  34  3:28  Probe x2 (Chrono Boost)  
  34  3:29  Warp Gate  
  34  3:32  Stargate  
  36  3:38  Probe x2 (Chrono Boost)  
  38  3:49  Probe x2 (Chrono Boost)  
  40  3:59  Probe x2 (Chrono Boost)  
  40  4:01  Pylon  
  42  4:12  Probe x2 (Chrono Boost), Oracle  
  42  4:14  Gateway  
  42  4:15  Gateway  
  47  4:22  Adept  
  47  4:24  Probe (Chrono Boost)  
  50  4:27  Pylon  
  50  4:34  Probe (Chrono Boost)  
  50  4:36  Probe (Chrono Boost)  
  52  4:43  Pylon, Oracle  
  53  4:47  Probe (Chrono Boost)  
  53  4:48  Probe (Chrono Boost)  
  53  4:50  Adept  
  59  4:56  Assimilator  
  59  4:58  Assimilator  
  59  4:59  Probe (Chrono Boost), Pylon  
  61  5:00  Probe (Chrono Boost)  
  61  5:20  Probe x2 (Chrono Boost)  
  63  5:28  Pylon  
  63  5:30  Probe x2 (Chrono Boost)  
  65  5:41  Probe (Chrono Boost)  
  66  5:46  Probe (Chrono Boost)  
  67  5:51  Probe (Chrono Boost), Adept  
  67  5:52  Adept x2  
  67  5:56  Probe (Chrono Boost)  
  75  5:57  Forge  
  75  5:58  Twilight Council, Pylon  
  75  5:59  Pylon  
  75  6:08  Pylon  
  75  6:09  Probe x2 (Chrono Boost)  
  77  6:19  Pylon  
  77  6:20  Nexus, Sentry  
  77  6:21  Sentry x2  
  77  6:22  Pylon  
  83  6:28  Resonating Glaives  
  83  6:30  Protoss Ground Weapons Level 1  
  83  6:34  Probe (Chrono Boost)  
  83  6:35  Probe (Chrono Boost)  
  83  6:39  Dark Shrine  
  85  6:46  Templar Archives  
  87  6:47  Probe x2 (Chrono Boost)  
  87  6:55  Void Ray, Stalker x3  
  87  6:59  Pylon  
  97  7:06  Probe x2 (Chrono Boost)  
  99  7:16  Gateway  
  99  7:18  Probe (Chrono Boost), Gateway  
  99  7:19  Gateway  
  99  7:22  Gateway  
  100  7:23  Sentry x2, Gateway  
  100  7:25  Sentry  
  100  7:27  Robotics Facility  
  106  7:40  Assimilator  
  106  7:45  Assimilator  
  106  7:56  Stalker x2  
  110  8:08  Protoss Ground Weapons Level 2  
  110  8:10  Blink, Gateway x2  
  110  8:16  Warp Prism  
  110  8:18  Pylon  
  110  8:19  High Templar  
  112  8:22  Pylon  
  114  8:28  High Templar  
  114  8:30  Adept x4  
  114  8:33  Archon  
  124  8:47  Adept x2  
  128  8:50  Nexus  
  128  8:51  Pylon x2  
  128  8:54  High Templar x2  
  128  8:55  Adept x3  
  138  8:58  Immortal  
  138  9:01  Archon  
  138  9:05  Adept x3  
  147  9:26  High Templar x2  
  147  9:27  Adept x3  
  147  9:29  Zealot x3  
  147  9:30  Adept x2  
  167  9:32  Archon  
  167  9:50  Stalker x2  
  167  9:51  Adept x2  
  170  9:52  Adept  
  170  9:53  Adept  
  170  9:57  Adept x2  
  167  10:01  Probe x3 (Chrono Boost)  
  160  10:08  Pylon  
  160  10:11  Pylon  
  160  10:13  Pylon  
  160  10:18  Probe (Chrono Boost)  
  143  10:29  Stalker x4  
  143  10:30  Stalker x5  
  140  10:56  Probe x3 (Chrono Boost)  
Show
View Real Time Build Order
Export as new Build Order

Towelie Zerg 

Build Orders: Pool First 

Get SALT Encoding   

  12  0:02  Drone  
  13  0:09  Extractor  
  12  0:24  Spawning Pool  
  11  0:29  Drone  
  11  0:34  Drone  
  13  0:40  Drone  
  14  0:52  Overlord  
  14  1:12  Zergling x4, Metabolic Boost  
  14  1:17  Zergling x2  
  17  1:25  Zergling x2  
  18  1:35  Zergling x2  
  19  1:47  Hatchery  
  19  1:51  Zergling x2  
  19  2:02  Zergling x2  
  20  2:18  Queen  
  20  2:19  Overlord  
  21  2:41  Drone x3  
  24  2:56  Queen  
  25  3:00  Queen  
  25  3:01  Drone  
  27  3:09  Drone  
  27  3:10  Drone  
  29  3:15  Evolution Chamber  
  29  3:17  Drone  
  29  3:28  Zergling x6  
  32  3:36  Zergling x4  
  34  3:45  Overlord  
  34  3:53  Drone x2  
  35  4:06  Drone x5  
  35  4:07  Drone  
  41  4:14  Overlord  
  41  4:18  Drone  
  41  4:19  Drone x2  
  43  4:37  Hatchery  
  41  4:40  Drone  
  41  4:41  Drone x3  
  45  4:48  Drone x4  
  45  4:52  Overlord  
  49  4:59  Zerg Melee Weapons Level 1  
  49  5:03  Drone x2  
  48  5:20  Drone  
  47  5:21  Spore Crawler  
  47  5:25  Drone x8  
  54  5:33  Drone  
  55  5:36  Roach Warren  
  54  5:45  Drone  
  54  5:47  Extractor  
  54  5:48  Extractor  
  53  5:51  Spore Crawler, Drone  
  53  5:52  Overlord x2  
  53  5:56  Queen  
  55  6:00  Zergling x8  
  60  6:18  Drone  
  60  6:24  Drone  
  60  6:25  Drone x6  
  67  6:26  Drone  
  67  6:29  Spore Crawler, Queen  
  67  6:32  Roach x4  
  75  6:35  Roach  
  75  6:38  Roach  
  76  6:40  Spore Crawler  
  75  6:49  Spore Crawler  
  73  6:57  Overlord x3  
  73  7:00  Drone x4  
  76  7:02  Zergling x10  
  76  7:08  Lair  
  81  7:10  Ravager  
  81  7:12  Overlord  
  82  7:20  Overlord x2  
  82  7:23  Roach  
  82  7:25  Ravager x4  
  82  7:26  Ravager  
  82  7:29  Zergling x6  
  91  7:40  Drone x8  
  99  7:57  Drone  
  99  7:58  Drone x6  
  106  8:11  Glial Reconstitution  
  106  8:14  Drone x2  
  106  8:15  Hatchery, Drone x3  
  106  8:19  Drone  
  111  8:20  Drone, Extractor  
  111  8:21  Hydralisk Den, Drone x3  
  111  8:22  Zerg Melee Weapons Level 2  
  111  8:25  Ravager  
  114  8:27  Overlord x2  
  114  8:35  Zergling x8  
  114  8:39  Extractor x2  
  114  8:40  Zergling x4  
  119  8:48  Zergling x14  
  119  8:49  Zergling x4  
  127  8:55  Lurker Den  
  127  9:04  Zergling x8  
  127  9:09  Zergling x4  
  132  9:12  Overlord  
  126  9:20  Roach x2  
  130  9:25  Overlord  
  130  9:27  Roach x3  
  130  9:28  Queen  
  137  9:31  Roach  
  137  9:32  Roach x2  
  137  9:36  Roach  
  145  9:45  Roach x2  
  147  9:46  Roach x4  
  144  9:54  Ravager  
  144  9:55  Ravager x6  
  110  10:24  Roach  
  110  10:25  Roach x14  
  124  10:30  Hydralisk  
  121  10:43  Roach x3  
Tags
 
Add a new tag
Caveats
  • Supply blocks, unpowered buildings, or Contaminate may cause inaccurate times.
  • Supply counts are checked every 10 seconds.